PBL
BROCKTON ROX @ WINNIPEG GOLDEYES
09/21/2047
 
TOP OF THE 1ST
Brockton Rox batting - Pitching for Winnipeg Goldeyes : RHP Tony Icamen
Pitching: RHP Tony Icamen
Batting: LHB Eric Gaugler 0-0: Ball
1-0: Called Strike
1-1: Foul Ball, location: 2F
1-2: Ball
2-2: Ground out U3 (Groundball, 3, EV 86.9 MPH)
Batting: SHB Jose Santiago 0-0: Fly out, F9 (Flyball, 89S, EV 92.5 MPH)
Batting: RHB Kirk Cully 0-0: Fly out, F7 (Flyball, 78M, EV 85.0 MPH)
Top of the 1st over - 0 runs, 0 hits, 0 errors, 0 left on base; Brockton 0 - Winnipeg 0
BOTTOM OF THE 1ST
Winnipeg Goldeyes batting - Pitching for Brockton Rox : RHP Mitsuharu Yoshimoto
Pitching: RHP Mitsuharu Yoshimoto
Batting: RHB Itocravo Arrochela 0-0: Ball
1-0: Fly out, F7 (Flyball, 78S, EV 96.9 MPH)
Batting: LHB Ben Roth 0-0: Ball
1-0: DOUBLE (Line Drive, 5D, EV 103.8 MPH)
Batting: RHB Terry Oetker 0-0: Ball
1-0: Ball
2-0: Fly out, F8 (Flyball, 8RD, EV 89.4 MPH)
Batting: RHB Yu-zeng Mai 0-0: Ball
1-0: Ball
2-0: Fly out, F9 (Flyball, 89M, EV 83.1 MPH)
Bottom of the 1st over - 0 runs, 1 hit, 0 errors, 1 left on base; Brockton 0 - Winnipeg 0
TOP OF THE 2ND
Brockton Rox batting - Pitching for Winnipeg Goldeyes : RHP Tony Icamen
Batting: RHB Felix Rangel 0-0: Foul Ball, location: 2F
0-1: Swinging Strike
0-2: Ball
1-2: Ball
2-2: Ball
3-2: SOLO HOME RUN (Flyball, 7D, EV 99.4 MPH), Distance : 389 ft
Batting: SHB Matsudaira Ikeda 0-0: Swinging Strike
0-1: Ball
1-1: Fly out, F1 (Line Drive, P, EV 62.5 MPH)
Batting: RHB Eric Kent 0-0: Called Strike
0-1: Ball
1-1: Called Strike
1-2: Ball
2-2: Fly out, F4 (Popup, 3S, EV 80.6 MPH)
Batting: RHB Estevan Carrillo 0-0: Called Strike
0-1: Foul Ball, location: 2F
0-2: Ball
1-2: Ball
2-2: Strikes out swinging, 2-3 out at first.
Top of the 2nd over - 1 run, 1 hit, 0 errors, 0 left on base; Brockton 1 - Winnipeg 0
BOTTOM OF THE 2ND
Winnipeg Goldeyes batting - Pitching for Brockton Rox : RHP Mitsuharu Yoshimoto
Batting: RHB Hisao Takei 0-0: Fly out, F8 (Line Drive, 8LD, EV 98.1 MPH)
Batting: RHB Alejandro de Jesus 0-0: SINGLE (Line Drive, 78S, EV 88.1 MPH)
Batting: RHB Mike Berzins 0-0: Grounds into double play, 6-4-3 (Groundball, 6S, EV 87.5 MPH)
Bottom of the 2nd over - 0 runs, 1 hit, 0 errors, 0 left on base; Brockton 1 - Winnipeg 0
TOP OF THE 3RD
Brockton Rox batting - Pitching for Winnipeg Goldeyes : RHP Tony Icamen
Batting: RHB Mo Tsang 0-0: Swinging Strike
0-1: Ball
1-1: DOUBLE (Line Drive, 3D, EV 96.9 MPH)
Batting: LHB Isaiah Spitzbarth 0-0: Swinging Strike
0-1: Ball
1-1: Fly out, F5 (Popup, 5S, EV 86.9 MPH)
Batting: LHB Eric Gaugler 0-0: Called Strike
0-1: Ball
1-1: Ground out 4-3 (Groundball, 4, EV 86.9 MPH)
Mo Tsang to third
Batting: SHB Jose Santiago 0-0: Called Strike
0-1: Ball
1-1: Foul Ball, location: 2F
1-2: Strikes out looking
Top of the 3rd over - 0 runs, 1 hit, 0 errors, 1 left on base; Brockton 1 - Winnipeg 0
BOTTOM OF THE 3RD
Winnipeg Goldeyes batting - Pitching for Brockton Rox : RHP Mitsuharu Yoshimoto
Batting: RHB Fernando Membreno 0-0: Called Strike
0-1: Called Strike
0-2: Fly out, F2 (Popup, 13S, EV 91.9 MPH)
Batting: LHB Raul Aldaz 0-0: Ball
1-0: Called Strike
1-1: Swinging Strike
1-2: Strikes out swinging
Batting: RHB Itocravo Arrochela 0-0: Ball
1-0: Ball
2-0: Called Strike
2-1: Foul Ball, location: 2F
2-2: SINGLE (Line Drive, 89S, EV 94.4 MPH)
Batting: LHB Ben Roth 0-0: Ball
1-0: Ball
2-0: Ball
3-0: Called Strike
3-1: Swinging Strike
3-2: Fly out, F8 (Flyball, 8LD, EV 75.0 MPH)
Bottom of the 3rd over - 0 runs, 1 hit, 0 errors, 1 left on base; Brockton 1 - Winnipeg 0
TOP OF THE 4TH
Brockton Rox batting - Pitching for Winnipeg Goldeyes : RHP Tony Icamen
Batting: RHB Kirk Cully 0-0: Swinging Strike
0-1: Called Strike
0-2: Ball
1-2: Foul Ball, location: 2F
1-2: Foul Ball, location: 2F
1-2: Foul Ball, location: 2F
1-2: Strikes out swinging
Batting: RHB Felix Rangel 0-0: Called Strike
0-1: Fly out, F3 (Popup, 3, EV 74.4 MPH)
Batting: SHB Matsudaira Ikeda 0-0: Ball
1-0: Swinging Strike
1-1: Ball
2-1: Foul Ball, location: 2F
2-2: Ball
3-2: Strikes out swinging
Top of the 4th over - 0 runs, 0 hits, 0 errors, 0 left on base; Brockton 1 - Winnipeg 0
BOTTOM OF THE 4TH
Winnipeg Goldeyes batting - Pitching for Brockton Rox : RHP Mitsuharu Yoshimoto
Batting: RHB Terry Oetker 0-0: Ball
1-0: Foul Ball, location: 2F
1-1: Foul Ball, location: 2F
1-2: Strikes out looking
Batting: RHB Yu-zeng Mai 0-0: Swinging Strike
0-1: Ground out 1-3 (Groundball, 15S, EV 65.6 MPH)
Batting: RHB Hisao Takei 0-0: Called Strike
0-1: Swinging Strike
0-2: Ball
1-2: Strikes out looking
Bottom of the 4th over - 0 runs, 0 hits, 0 errors, 0 left on base; Brockton 1 - Winnipeg 0
TOP OF THE 5TH
Brockton Rox batting - Pitching for Winnipeg Goldeyes : RHP Tony Icamen
Batting: RHB Eric Kent 0-0: Called Strike
0-1: SOLO HOME RUN (Line Drive, 89XD, EV 109.4 MPH), Distance : 454 ft
Batting: RHB Estevan Carrillo 0-0: Ground out U3 (Groundball, 34, EV 81.2 MPH)
Batting: RHB Mo Tsang 0-0: Ball
1-0: Called Strike
1-1: Ball
2-1: Ball
3-1: Base on Balls
Batting: LHB Isaiah Spitzbarth 0-0: Ball
1-0: Called Strike
1-1: Called Strike
1-2: Strikes out swinging
Batting: LHB Eric Gaugler 0-0: Ball
1-0: Ball
2-0: Ball
3-0: Base on Balls
Mo Tsang to second
Batting: SHB Jose Santiago 0-0: Fly out, F7 (Flyball, 78M, EV 81.9 MPH)
Top of the 5th over - 1 run, 1 hit, 0 errors, 2 left on base; Brockton 2 - Winnipeg 0
BOTTOM OF THE 5TH
Winnipeg Goldeyes batting - Pitching for Brockton Rox : RHP Mitsuharu Yoshimoto
Batting: RHB Alejandro de Jesus 0-0: Ball
1-0: Fly out, F9 (Flyball, 89S, EV 82.5 MPH)
Batting: RHB Mike Berzins 0-0: Called Strike
0-1: Ball
1-1: Foul Ball, location: 2F
1-2: Foul Ball, location: 2F
1-2: Ball
2-2: Ball
3-2: Strikes out swinging
Batting: RHB Fernando Membreno 0-0: Foul Ball, location: 2F
0-1: Fly out, F4 (Popup, 13, EV 85.6 MPH)
Bottom of the 5th over - 0 runs, 0 hits, 0 errors, 0 left on base; Brockton 2 - Winnipeg 0
TOP OF THE 6TH
Brockton Rox batting - Pitching for Winnipeg Goldeyes : RHP Tony Icamen
Batting: RHB Kirk Cully 0-0: Ball
1-0: Swinging Strike
1-1: Foul Ball, location: 2F
1-2: Ball
2-2: Ball
3-2: Ground out 5-3 (Groundball, 56S, EV 76.2 MPH)
Batting: RHB Felix Rangel 0-0: Ball
1-0: Ball
2-0: Foul Ball, location: 2F
2-1: Foul Ball, location: 2F
2-2: Foul Ball, location: 2F
2-2: Strikes out swinging
Batting: SHB Matsudaira Ikeda 0-0: Swinging Strike
0-1: Ball
1-1: Ball
2-1: Foul Ball, location: 2F
2-2: Ball
3-2: Strikes out swinging
Top of the 6th over - 0 runs, 0 hits, 0 errors, 0 left on base; Brockton 2 - Winnipeg 0
BOTTOM OF THE 6TH
Winnipeg Goldeyes batting - Pitching for Brockton Rox : RHP Mitsuharu Yoshimoto
Batting: LHB Raul Aldaz 0-0: Called Strike
0-1: Ground out U3 (Groundball, 34, EV 88.8 MPH)
Batting: RHB Itocravo Arrochela 0-0: Called Strike
0-1: Ball
1-1: SINGLE (Line Drive, 4D, EV 95.6 MPH)
Batting: LHB Ben Roth 0-0: Ball
1-0: Ball
Itocravo Arrochela is caught stealing 2nd base 2-6
2-0: Ground out 6-3 (Groundball, 6, EV 85.0 MPH)
Bottom of the 6th over - 0 runs, 1 hit, 0 errors, 0 left on base; Brockton 2 - Winnipeg 0
TOP OF THE 7TH
Brockton Rox batting - Pitching for Winnipeg Goldeyes : RHP Tony Icamen
Batting: RHB Eric Kent 0-0: Ground out 1-3 (Groundball, 34S, EV 63.8 MPH)
Batting: RHB Estevan Carrillo 0-0: Fly out, F9 (Flyball, 9LS, EV 85.0 MPH)
Batting: RHB Mo Tsang 0-0: Called Strike
0-1: Swinging Strike
0-2: Ball
1-2: Ball
2-2: Ground out 4-3 (Groundball, 4, EV 90.0 MPH)
Top of the 7th over - 0 runs, 0 hits, 0 errors, 0 left on base; Brockton 2 - Winnipeg 0
BOTTOM OF THE 7TH
Winnipeg Goldeyes batting - Pitching for Brockton Rox : RHP Mitsuharu Yoshimoto
Batting: RHB Terry Oetker 0-0: Called Strike
0-1: Ball
1-1: Ball
2-1: Reached on error, E4 (Groundball, 4M, EV 80.6 MPH)
Pinch Hitting: SHB Ed Mosqueda 0-0: Ball
1-0: Foul Ball, location: 2F
1-1: Called Strike
1-2: Fielders Choice at 2nd, 6-4 (Groundball, 6S, EV 87.5 MPH)
Batting: RHB Hisao Takei 0-0: Called Strike
0-1: Swinging Strike
0-2: Foul Ball, location: 2F
0-2: Strikes out swinging
Batting: RHB Alejandro de Jesus 0-0: Ball
1-0: Ground out 6-3 (Groundball, 6S, EV 86.9 MPH)
Bottom of the 7th over - 0 runs, 0 hits, 1 error, 1 left on base; Brockton 2 - Winnipeg 0
TOP OF THE 8TH
Brockton Rox batting - Pitching for Winnipeg Goldeyes : RHP Tony Icamen
Now at 3B: Ed Mosqueda
Now at SS: Alejandro de Jesus
Now in CF: Raul Aldaz
Now in RF: Ben Roth
Batting: SHB Arihito Hiramoto 0-0: Ball
1-0: Ball
2-0: Called Strike
2-1: Fly out, F9 (Line Drive, 9S, EV 90.6 MPH)
Pitching: RHP Ron Didkowsky
Batting: LHB Eric Gaugler 0-0: Foul Ball, location: 2F
0-1: Ball
1-1: Ball
2-1: Foul Ball, location: 2F
2-2: Strikes out looking
Batting: SHB Jose Santiago 0-0: Ball
1-0: Fly out, F7 (Flyball, 78S, EV 90.6 MPH)
Top of the 8th over - 0 runs, 0 hits, 0 errors, 0 left on base; Brockton 2 - Winnipeg 0
BOTTOM OF THE 8TH
Winnipeg Goldeyes batting - Pitching for Brockton Rox : RHP Mitsuharu Yoshimoto
Pinch Hitting: SHB Rodrigo Mendoza 0-0: Ground out 4-3 (Groundball, 4, EV 90.6 MPH)
Pinch Hitting: RHB Nestor Moreno 0-0: Ball
1-0: SINGLE (Flyball, 89S, EV 95.0 MPH)
Pinch Hitting: RHB Gary Smith 0-0: Ball
1-0: Ball
2-0: Ball
3-0: Fly out, F8 (Flyball, 8LXD, EV 90.0 MPH)
Pitching: LHP Jessie Leslie
Batting: RHB Itocravo Arrochela 0-0: Called Strike
0-1: Swinging Strike
0-2: Foul Ball, location: 2F
0-2: Ball
1-2: Ball
2-2: Ground out 5-3 (Groundball, 56S, EV 85.6 MPH)
Bottom of the 8th over - 0 runs, 1 hit, 0 errors, 1 left on base; Brockton 2 - Winnipeg 0
TOP OF THE 9TH
Brockton Rox batting - Pitching for Winnipeg Goldeyes : RHP Ron Didkowsky
Pitching: LHP Travis Joyal
Now at 1B: Cesar Carrasquillo
Now in LF: Lourens Aukema
Now in CF: Nestor Moreno
Batting: RHB Kirk Cully 0-0: Ball
1-0: Called Strike
1-1: Foul Ball, location: 2F
1-2: Ground out 3-1 (Groundball, 34, EV 86.9 MPH)
Batting: RHB Felix Rangel 0-0: Reached on error, E6 (Groundball, 6M, EV 81.9 MPH)
Batting: SHB Matsudaira Ikeda 0-0: Fly out, F7 (Flyball, 78M, EV 89.4 MPH)
Batting: RHB Eric Kent 0-0: Ball
1-0: Called Strike
1-1: Swinging Strike
1-2: Strikes out swinging
Top of the 9th over - 0 runs, 0 hits, 1 error, 1 left on base; Brockton 2 - Winnipeg 0
BOTTOM OF THE 9TH
Winnipeg Goldeyes batting - Pitching for Brockton Rox : LHP Jessie Leslie
Batting: LHB Ben Roth 0-0: Ball
1-0: Called Strike
1-1: Ball
2-1: Ball
3-1: Base on Balls
Batting: RHB Terry Oetker 0-0: SINGLE (Line Drive, 7LM, EV 106.9 MPH)
Ben Roth to second
Pinch Hitting: RHB Ratko Macura 0-0: Ball
1-0: Called Strike
1-1: Ball
2-1: Foul Ball, location: 2F
2-2: Ball
3-2: Grounds into double play, 6-4-3 (Groundball, 6, EV 83.1 MPH)
Ben Roth to third
Batting: RHB Hisao Takei 0-0: Ball
1-0: Swinging Strike
1-1: Foul Ball, location: 2F
1-2: Strikes out looking
Bottom of the 9th over - 0 runs, 1 hit, 0 errors, 1 left on base; Brockton 2 - Winnipeg 0
Thursday, December 15th , 2022 - OOTP Baseball 23.9 Build 102